[Event "Titled Tuesday Blitz November 14 Early 2023"]
[White "Ambartsumova, Karina"]
[Black "Sokolovsky, Yahli"]
[WhiteFideId "4166299"]
[BlackFideId "2820242"]
[WhiteElo "2604"]
[BlackElo "2765"]
[Result "0-1"]
[Round "9"]
[TimeControl "180+1"]
[Date "2023.11.14"]
[WhiteClock "0:00:00"]
[BlackClock "0:00:07"]
[Board "33"]

1. d4 d6 2. e4 g6 3. Nc3 Bg7 4. Be3 a6 5. h4 h6 6. Qd2 b5 7. f3 Bb7 8. a4 b4 9. Nd1 a5 10. c3 bxc3 11. bxc3 Nd7 12. Bd3 Ngf6 13. Ne2 Qc8 14. O-O Ba6 15. Nf2 h5 16. Rfc1 O-O 17. Bxa6 Qxa6 18. Nd3 Rfc8 19. c4 c5 20. d5 Nb6 21. Qc2 Nfd7 22. Rab1 Rab8 23. Rb5 Na8 24. Rcb1 Nc7 25. Rxb8 Rxb8 26. Rxb8+ Nxb8 27. Bg5 Kf8 28. Bd2 Nd7 29. Bc3 Nb6 30. Bxg7+ Kxg7 31. Nb2 Nd7 32. Qb3 Qb6 33. Qxb6 Nxb6 34. Nc1 Kf6 35. Nb3 Ke5 36. Nxa5 Kd4 37. Nc6+ Kc3 38. a5 Nxc4 39. Na4+ Kb3 40. Nb6 e6 41. dxe6 fxe6 42. Kf2 d5 43. exd5 exd5 44. Ke2 d4 45. Kd3 Nb2+ 46. Kd2 c4 47. Nxd4+ Kb4 48. Nc2+ Kxa5 49. Nd7 Nd5 50. Ne5 c3+ 51. Ke2 Nf4+ 52. Kf2 Nd1+ 53. Ke1 Nb2 54. g3 Nbd3+ 55. Nxd3 Nxd3+ 56. Ke2 Ne5 57. Ke3 Ka4 58. Kd4 Kb3 59. Ne1 Nxf3+ 60. Nxf3 c2 61. Nd2+ Kb4 62. Ne4 c1=Q 63. Ke5 Qe3 64. Kd5 Qf3 65. Kd4 Qg4 66. Ke5 Kc4 67. Nd6+ Kc5 68. Ne4+ Kc6 69. Kd4 Kd7 70. Ke3 Ke6 71. Nc5+ Kf5 72. Nd3 Qxg3+ 73. Ke2 Qxd3+ 74. Kxd3 Kg4 0-1


[Site "https://www.chess.com"]

[Event "Titled Tuesday Blitz November 14 Early 2023"]
[White "Remolar Gallen, Jose"]
[Black "Korchmar, Vasiliy"]
[WhiteFideId "2215187"]
[BlackFideId "24131750"]
[WhiteElo "2482"]
[BlackElo "2755"]
[Result "1-0"]
[Round "9"]
[TimeControl "180+1"]
[Date "2023.11.14"]
[WhiteClock "0:00:10"]
[BlackClock "0:00:08"]
[Board "34"]

1. e4 c5 2. Nf3 d6 3. d4 cxd4 4. Nxd4 Nf6 5. Nc3 Nc6 6. Bg5 Bd7 7. Qd2 a6 8. O-O-O e6 9. h4 b5 10. f3 Be7 11. Kb1 Qc7 12. h5 h6 13. Be3 Ne5 14. g4 b4 15. Nce2 Nc4 16. Qd3 Bb5 17. Nxb5 axb5 18. Nc1 Nd7 19. Bd4 Bg5 20. Qb3 e5 21. Bf2 Nd2+ 22. Rxd2 Bxd2 23. Bxb5 O-O 24. Nd3 Nc5 25. Nxc5 dxc5 26. Bc4 Bg5 27. Rd1 Rfd8 28. Bd5 Rac8 29. Qc4 Rd7 30. Rd3 Kh8 31. a4 bxa3 32. Rxa3 Qb6 33. c3 Rb8 34. b4 Rc7 35. Ra6 Qxa6 36. Qxa6 cxb4 37. c4 b3 38. Bb6 Rd7 39. c5 Be3 40. c6 Rxd5 41. exd5 Bxb6 42. d6 1-0


[Site "https://www.chess.com"]

[Event "Titled Tuesday Blitz November 14 Early 2023"]
[White "YouShallNotPass001"]
[Black "Sattarov, Bobir"]
[BlackFideId "14203081"]
[WhiteElo "2466"]
[BlackElo "2754"]
[Result "1-0"]
[Round "9"]
[TimeControl "180+1"]
[Date "2023.11.14"]
[WhiteClock "0:01:27"]
[BlackClock "0:00:00"]
[Board "35"]

1. Nf3 d5 2. e3 c6 3. Be2 Bg4 4. O-O Nd7 5. d4 Ngf6 6. c4 e6 7. Nc3 Bd6 8. b4 Bxb4 9. Qb3 Bxc3 10. Qxc3 O-O 11. Ba3 Re8 12. Rab1 Qc7 13. Qb3 Rab8 14. Rfc1 Nb6 15. cxd5 exd5 16. h3 Bxf3 17. Bxf3 Nc4 18. Bb4 b5 19. a4 a5 20. Be1 b4 21. Be2 Na3 22. Rb2 Re6 23. Rc5 Ne4 24. Rc1 Rbe8 25. Qxd5 Nc3 26. Qb3 Nxe2+ 27. Rxe2 Qa7 28. Bxb4 axb4 29. Qxb4 Qa6 30. Rb2 Qd3 31. Qc3 Qe4 32. Qxa3 Rg6 33. g3 h5 34. Qc5 h4 35. Qxc6 Qf5 36. Qxe8+ Kh7 37. Rb5 1-0


[Site "https://www.chess.com"]

[Event "Titled Tuesday Blitz November 14 Early 2023"]
[White "Demchenko, Anton"]
[Black "Ilkhomi, Jaloliddin"]
[WhiteFideId "4160258"]
[BlackFideId "14700948"]
[WhiteElo "3004"]
[BlackElo "2704"]
[Result "1-0"]
[Round "9"]
[TimeControl "180+1"]
[Date "2023.11.14"]
[WhiteClock "0:00:31"]
[BlackClock "0:00:02"]
[Board "36"]

1. e4 e6 2. d3 d5 3. Nd2 c5 4. Ngf3 Nc6 5. g3 Bd6 6. Bg2 Nge7 7. O-O O-O 8. Nh4 Qc7 9. f4 f6 10. Ndf3 d4 11. Bd2 e5 12. f5 Kf7 13. Ne1 Ke8 14. Qh5+ Kd7 15. Qxh7 Rg8 16. c3 b6 17. Qh5 Rf8 18. Rc1 Ba6 19. c4 Rh8 20. Qg4 Rhg8 21. Bf3 Kc8 22. Qh3 Kb7 23. Bh5 Rh8 24. Qg4 Raf8 25. a3 Ka8 26. Rb1 b5 27. b3 Nc8 28. Ng6 Nb6 29. Nxf8 Rxf8 30. Qd1 Rh8 31. Be2 b4 32. a4 Na5 33. h4 Bb7 34. Bf3 Nc8 35. Ng2 Ne7 36. h5 Nac6 37. Nh4 Nd8 38. Ng6 Nxg6 39. hxg6 Nc6 40. Kg2 Ne7 41. Rh1 Rg8 42. Rh7 a5 43. Qe2 Qd8 44. Rbh1 Ka7 45. Kg1 Qc8 46. g4 Qe8 47. Qh2 Kb6 48. Kf2 Bc8 49. Qh5 Bd7 50. Bd1 Bc6 51. Ke1 Bd7 52. g5 fxg5 53. Bxg5 Bc6 54. Rh8 Nxf5 55. Rxg8 Qxg8 56. exf5 e4 57. Qh8 Qxh8 58. Rxh8 exd3 59. Kd2 Bd7 60. Bg4 Be5 61. Rf8 Bd6 62. Rf7 Bc6 63. f6 Bg3 64. fxg7 Bxa4 1-0


[Site "https://www.chess.com"]

[Event "Titled Tuesday Blitz November 14 Early 2023"]
[White "Raahul V S"]
[Black "Ashraf, Artin"]
[WhiteFideId "25035525"]
[BlackFideId "22514805"]
[WhiteElo "2687"]
[BlackElo "2917"]
[Result "0-1"]
[Round "9"]
[TimeControl "180+1"]
[Date "2023.11.14"]
[WhiteClock "0:00:00"]
[BlackClock "0:00:15"]
[Board "37"]

1. b3 b6 2. Bb2 Bb7 3. e3 e6 4. f4 f5 5. Qh5+ g6 6. Qd1 Nf6 7. Nf3 Bg7 8. Be2 O-O 9. O-O d6 10. Qe1 c5 11. d3 Nc6 12. Nc3 Nd5 13. Qd2 b5 14. Rab1 Nxc3 15. Bxc3 Bxc3 16. Qxc3 b4 17. Qd2 Ne7 18. c4 bxc3 19. Qxc3 Nd5 20. Qd2 Qb6 21. Kh1 a5 22. Ng5 Qb4 23. Qc1 h6 24. a3 Qc3 25. Nf3 Qxc1 26. Rfxc1 Nxe3 27. d4 cxd4 28. Nxd4 Nxg2 29. Kg1 Nxf4 30. Bf1 Rac8 31. Nb5 Rfd8 32. Rc4 Rxc4 33. bxc4 Be4 34. Rd1 d5 35. c5 Rc8 36. Rc1 Bd3 37. Nd6 Rc6 38. Nb7 Rc7 39. c6 Bc4 40. Bxc4 Rxc6 41. Nxa5 Rc5 42. Kf2 Rxa5 43. Bf1 Rxa3 44. Rc7 g5 45. Bb5 Ra2+ 46. Ke3 Rxh2 47. Kd4 Ng6 48. Be8 Rh4+ 49. Kc3 Ne5 50. Re7 Rc4+ 51. Kb3 Nd3 52. Ka2 Kf8 53. Rxe6 Re4 0-1


[Site "https://www.chess.com"]

[Event "Titled Tuesday Blitz November 14 Early 2023"]
[White "Mladenovic, Stefan"]
[Black "Yeletsky, Ivan"]
[WhiteFideId "942227"]
[BlackFideId "24180327"]
[WhiteElo "2692"]
[BlackElo "2895"]
[Result "0-1"]
[Round "9"]
[TimeControl "180+1"]
[Date "2023.11.14"]
[WhiteClock "0:00:00"]
[BlackClock "0:01:35"]
[Board "38"]

1. d4 d5 2. Bf4 c5 3. e3 cxd4 4. exd4 Nc6 5. Nf3 Bf5 6. c3 e6 7. Nbd2 Bd6 8. Bxd6 Qxd6 9. Bb5 Ne7 10. O-O O-O 11. Re1 a6 12. Bf1 b5 13. a3 Rab8 14. Ne5 a5 15. b4 Nxe5 16. dxe5 Qc7 17. Nb3 Qxc3 18. Nxa5 Bc2 19. Qc1 Rfc8 20. Ra2 d4 21. Qa1 d3 22. Qxc3 Rxc3 23. Rea1 d2 24. Be2 Rd8 25. Nb7 Bb3 26. Rb2 Rc1+ 0-1


[Site "https://www.chess.com"]

[Event "Titled Tuesday Blitz November 14 Early 2023"]
[White "Yaran, Siar"]
[Black "AlmasRakhmatullaev"]
[WhiteFideId "6323006"]
[WhiteElo "2681"]
[BlackElo "2868"]
[Result "1-0"]
[Round "9"]
[TimeControl "180+1"]
[Date "2023.11.14"]
[WhiteClock "0:00:06"]
[BlackClock "0:00:05"]
[Board "39"]

1. e4 e5 2. Nf3 Nc6 3. Bc4 Nf6 4. d3 Be7 5. O-O d6 6. a4 h6 7. a5 a6 8. Re1 Bg4 9. c3 Bh5 10. Nbd2 Qd7 11. Nf1 g5 12. Ng3 Bg6 13. d4 O-O-O 14. d5 Nb8 15. b4 Rdg8 16. Bf1 Ne8 17. c4 g4 18. Nd2 h5 19. Bd3 h4 20. Nf5 Bxf5 21. exf5 g3 22. fxg3 hxg3 23. h3 Nf6 24. Ne4 Rh4 25. Qf3 Nxe4 26. Rxe4 Rxe4 27. Bxe4 Bf6 28. Be3 Qe7 29. c5 Bg5 30. c6 Bxe3+ 31. Qxe3 bxc6 32. dxc6 Qh4 33. Rf1 f6 34. Bd5 Re8 35. Rd1 Qxb4 36. Be6+ Kd8 37. Qh6 Nxc6 38. Qxf6+ Ne7 39. Qg5 Qxa5 40. f6 Qc5+ 41. Kh1 Qc2 42. Rf1 c5 43. fxe7+ Kc7 44. Bf7 Rb8 45. e8=Q Rxe8 46. Bxe8 c4 47. Qxg3 a5 48. Bg6 Qd2 49. Kh2 c3 50. Rf7+ Kc6 51. Rf2 Kc5 52. Rxd2 cxd2 53. Qc3+ Kb6 54. Qxd2 Kc7 55. Qd5 a4 56. Qc4+ Kd7 57. Qxa4+ Ke7 58. Qg4 Kf6 59. Be4 d5 60. Qf5+ 1-0


[Site "https://www.chess.com"]

[Event "Titled Tuesday Blitz November 14 Early 2023"]
[White "Madaminov, Mukhiddin"]
[Black "Ovetchkin, Roman"]
[WhiteFideId "14210703"]
[BlackFideId "4119991"]
[WhiteElo "2868"]
[BlackElo "2670"]
[Result "1-0"]
[Round "9"]
[TimeControl "180+1"]
[Date "2023.11.14"]
[WhiteClock "0:00:41"]
[BlackClock "0:00:21"]
[Board "40"]

1. e4 c6 2. Nf3 d5 3. Nc3 Bg4 4. h3 Bxf3 5. Qxf3 e6 6. Be2 g6 7. d4 Bg7 8. Be3 Nd7 9. O-O Ne7 10. a4 O-O 11. Rfd1 h6 12. Bf1 f5 13. exd5 exd5 14. Ne2 f4 15. Bd2 g5 16. Bb4 Rf7 17. Bxe7 Qxe7 18. Nc1 Qb4 19. Nb3 Re8 20. Qc3 Qxc3 21. bxc3 f3 22. Re1 Rxe1 23. Rxe1 fxg2 24. Kxg2 Nb6 25. a5 Na4 26. Re3 Bf8 27. c4 Kg7 28. cxd5 cxd5 29. Bb5 Nc3 30. Rxc3 1-0


[Site "https://www.chess.com"]

[Event "Titled Tuesday Blitz November 14 Early 2023"]
[White "Szpar, Milosz"]
[Black "Bao, Qilin"]
[WhiteFideId "1184989"]
[BlackFideId "8605750"]
[WhiteElo "2828"]
[BlackElo "2657"]
[Result "1-0"]
[Round "9"]
[TimeControl "180+1"]
[Date "2023.11.14"]
[WhiteClock "0:01:35"]
[BlackClock "0:00:00"]
[Board "41"]

1. e4 e6 2. d4 d5 3. Nc3 Bb4 4. Ne2 c5 5. exd5 exd5 6. a3 Bxc3+ 7. Nxc3 Nf6 8. dxc5 O-O 9. Be2 d4 10. Na2 Qd5 11. O-O Qxc5 12. Nb4 Bf5 13. Bf3 Qb6 14. c3 a5 15. Nc2 dxc3 16. bxc3 Nc6 17. Be3 Qb3 18. Nd4 Qxd1 19. Rfxd1 Nxd4 20. Bxd4 Be4 21. Be2 Rfc8 22. f3 Bc6 23. Kf2 Nd5 24. c4 Nf4 25. Bf1 Ne6 26. Bb6 Ba4 27. Rd5 Bb3 28. Rc1 a4 29. Rd7 Rab8 30. Ba7 Nc5 31. Rd5 Ne6 32. Bxb8 Rxb8 33. Rb5 g5 34. c5 Rc8 35. Rxb7 Nxc5 36. Kg1 Be6 37. Rb5 1-0


[Site "https://www.chess.com"]

[Event "Titled Tuesday Blitz November 14 Early 2023"]
[White "Makhnev, Denis"]
[Black "mind1mover"]
[WhiteFideId "13707647"]
[WhiteElo "2656"]
[BlackElo "2828"]
[Result "0-1"]
[Round "9"]
[TimeControl "180+1"]
[Date "2023.11.14"]
[WhiteClock "0:00:00"]
[BlackClock "0:00:04"]
[Board "42"]

1. Nf3 Nc6 2. d4 Nf6 3. Bf4 d6 4. e3 Nh5 5. Bc4 Nxf4 6. exf4 e6 7. O-O Be7 8. Re1 O-O 9. Nbd2 a6 10. Bd3 Bf6 11. c3 g6 12. a4 b6 13. Be4 Bb7 14. d5 exd5 15. Bxd5 Qd7 16. Nc4 Rae8 17. Qd2 Bc8 18. Ne3 Ne7 19. Be4 c6 20. c4 Qc7 21. Rad1 Rd8 22. b4 Bg7 23. g3 d5 24. cxd5 cxd5 25. Nxd5 Nxd5 26. Bxd5 Bg4 27. Qe3 Qc3 28. Bxf7+ Kh8 29. Rxd8 Rxd8 30. Ne5 Qxe3 31. Rxe3 Bh3 32. Rd3 Rc8 33. f3 Bf8 34. Kf2 Bxb4 35. g4 Rc2+ 36. Kg3 Bf1 37. Rd8+ Kg7 38. Rg8+ Kf6 39. g5+ Kf5 40. Bxg6+ hxg6 0-1


[Site "https://www.chess.com"]

[Event "Titled Tuesday Blitz November 14 Early 2023"]
[White "GatoRojo150"]
[Black "Xu, Yi"]
[BlackFideId "8605564"]
[WhiteElo "2646"]
[BlackElo "2817"]
[Result "1/2-1/2"]
[Round "9"]
[TimeControl "180+1"]
[Date "2023.11.14"]
[WhiteClock "0:01:55"]
[BlackClock "0:00:17"]
[Board "43"]

1. e4 c5 2. Nf3 d6 3. d4 cxd4 4. Nxd4 Nf6 5. Nc3 a6 6. Bc4 e6 7. Bb3 b5 8. Bg5 Be7 9. Qf3 Qc7 10. O-O-O Nbd7 11. Rhe1 O-O 12. e5 Bb7 13. Qh3 Nxe5 14. f4 Nc4 15. Bxc4 bxc4 16. Re3 Rfb8 17. Qh4 Qb6 18. Rg3 Kf8 19. f5 e5 20. Be3 Qa5 21. Ne6+ fxe6 22. fxe6 Kg8 23. Qh6 g6 24. Rxd6 Rf8 25. Rd7 Nxd7 26. Rxg6+ hxg6 27. Qxg6+ Kh8 28. Qh6+ Kg8 29. Qg6+ Kh8 30. Qh6+ Kg8 31. Qg6+ 1/2-1/2


[Site "https://www.chess.com"]

[Event "Titled Tuesday Blitz November 14 Early 2023"]
[White "Weetik, Vjacheslav"]
[Black "Kuzhylnyi, Oleksandr"]
[WhiteFideId "4153472"]
[BlackFideId "34110500"]
[WhiteElo "2813"]
[BlackElo "2634"]
[Result "0-1"]
[Round "9"]
[TimeControl "180+1"]
[Date "2023.11.14"]
[WhiteClock "0:00:00"]
[BlackClock "0:00:07"]
[Board "44"]

1. e4 g6 2. d4 Bg7 3. Nf3 d6 4. Bc4 a6 5. O-O b5 6. Bb3 e6 7. a4 Bb7 8. Qe2 Nd7 9. Bg5 Ne7 10. Nbd2 bxa4 11. Bxa4 O-O 12. c3 h6 13. Be3 f5 14. exf5 Nxf5 15. Bf4 Nb6 16. Bc2 Qf6 17. Bg3 Rae8 18. Rfe1 Kh7 19. Bd3 g5 20. Bxa6 Ba8 21. Bd3 Nd5 22. Be4 Kh8 23. h3 Nxg3 24. fxg3 Qd8 25. Kh2 Qd7 26. Bc2 Bc6 27. Qd3 Bf6 28. Ne4 Bd8 29. Ra7 Qg7 30. Rf1 g4 31. hxg4 Qxg4 32. Neg5 Nf6 33. Qg6 hxg5 34. Qh6+ Kg8 35. Qg6+ Kh8 36. Rh1 Qh5+ 37. Kg1 Qxh1+ 38. Kxh1 Re7 39. Nxg5 Rg7 40. Qh6+ Kg8 41. Ra1 Ng4 42. Qh5 Bxg5 43. Qxg4 Be3 0-1


[Site "https://www.chess.com"]

[Event "Titled Tuesday Blitz November 14 Early 2023"]
[White "CrazyAdvenTures"]
[Black "Gontcharov, Vladislav"]
[BlackFideId "4123492"]
[WhiteElo "2806"]
[BlackElo "2618"]
[Result "1-0"]
[Round "9"]
[TimeControl "180+1"]
[Date "2023.11.14"]
[WhiteClock "0:00:38"]
[BlackClock "0:00:00"]
[Board "45"]

1. e4 e6 2. d4 d5 3. Nc3 Nc6 4. e5 f6 5. Nf3 fxe5 6. dxe5 Nh6 7. Bf4 Nf7 8. h4 Bd7 9. Qd2 Qe7 10. h5 O-O-O 11. O-O-O a6 12. Be2 Qb4 13. Rh4 Be7 14. Rg4 Rdg8 15. a3 Qa5 16. Kb1 g6 17. Be3 Ncxe5 18. Nxe5 Nxe5 19. Rg3 Bd6 20. Bd4 gxh5 21. b4 Qxa3 22. Nxd5 Rxg3 23. Bb2 Qa4 24. Nb6+ cxb6 25. Qxd6 Qc6 26. fxg3 Qxd6 27. Rxd6 Nc6 28. Bxh8 Kc7 29. Rd1 Nxb4 30. Be5+ Kc8 31. Bxh5 Nd5 32. Bf3 Bc6 33. Bxd5 Bxd5 34. Rh1 Be4 35. Rh4 Bf5 36. Rc4+ Kd8 37. Rc7 b5 38. Rxb7 h5 39. Ra7 b4 40. Rxa6 b3 41. Kc1 bxc2 42. Ra2 Kd7 43. Rxc2 Bxc2 44. Kxc2 Kc6 45. Kd3 Kd5 46. Bb8 e5 47. Ke3 Ke6 48. Ke4 Kf6 49. Bxe5+ Kg5 50. Bf4+ Kg4 51. Ke5 h4 52. gxh4 Kxh4 53. Kf5 1-0


[Site "https://www.chess.com"]

[Event "Titled Tuesday Blitz November 14 Early 2023"]
[White "Kopylov, Alexander A."]
[Black "Aaditya Dhingra"]
[WhiteFideId "4164857"]
[BlackFideId "25678191"]
[WhiteElo "2802"]
[BlackElo "2615"]
[Result "0-1"]
[Round "9"]
[TimeControl "180+1"]
[Date "2023.11.14"]
[WhiteClock "0:01:13"]
[BlackClock "0:01:15"]
[Board "46"]

1. d4 g6 2. Nf3 Bg7 3. g3 c5 4. d5 Nf6 5. Bg2 O-O 6. O-O b5 7. Re1 d6 8. e4 Nbd7 9. h3 a5 10. a4 b4 11. c4 Ba6 12. Nbd2 Re8 13. Rb1 e6 14. b3 exd5 15. exd5 Rxe1+ 16. Qxe1 Qc7 17. Nf1 Re8 18. Be3 Ne4 19. g4 Bc8 20. Ng3 Nxg3 21. fxg3 Bd4 22. Nxd4 cxd4 23. Bxd4 Rxe1+ 24. Rxe1 Kf8 25. g5 Nc5 26. Re3 Nxb3 27. Bf6 Qb6 28. Kf2 Nd4 29. Kf1 Nf5 30. Re4 Nxg3+ 0-1


[Site "https://www.chess.com"]

[Event "Titled Tuesday Blitz November 14 Early 2023"]
[White "Skatchkov, Valery"]
[Black "Maksimovic, Bojan"]
[WhiteFideId "24195812"]
[BlackFideId "14408120"]
[WhiteElo "2594"]
[BlackElo "2800"]
[Result "0-1"]
[Round "9"]
[TimeControl "180+1"]
[Date "2023.11.14"]
[WhiteClock "0:00:44"]
[BlackClock "0:00:12"]
[Board "47"]

1. d4 g6 2. e4 Nf6 3. Nc3 d5 4. exd5 Nxd5 5. Bc4 Nxc3 6. Qf3 Bf5 7. bxc3 Nc6 8. Rb1 Qc8 9. g4 Be6 10. d5 Ne5 11. Bb5+ Bd7 12. Qe4 Bg7 13. Bf4 Nxg4 14. Ne2 O-O 15. Bxd7 Qxd7 16. Rxb7 Nf6 17. Qd3 Qxd5 18. Qxd5 Nxd5 19. Bd2 Rfb8 20. Rb3 Nb6 21. O-O Nc4 22. Bf4 e5 23. Bg5 h6 24. Bc1 a5 25. Rd1 Rd8 26. Rxd8+ Rxd8 27. Rb5 Bf8 28. Kg2 f5 29. h4 Kf7 30. h5 g5 31. Ng3 Ke6 32. Be3 f4 33. Bc5 fxg3 34. Bxf8 Rxf8 35. fxg3 Ne3+ 36. Kh2 Rf2+ 0-1


[Site "https://www.chess.com"]

[Event "Titled Tuesday Blitz November 14 Early 2023"]
[White "Tatarinov, Dmitry"]
[Black "Lymar, Vladislav"]
[WhiteFideId "24160067"]
[BlackFideId "14162180"]
[WhiteElo "2798"]
[BlackElo "2584"]
[Result "1-0"]
[Round "9"]
[TimeControl "180+1"]
[Date "2023.11.14"]
[WhiteClock "0:00:18"]
[BlackClock "0:00:07"]
[Board "48"]

1. c4 d6 2. Nc3 e5 3. g3 Nf6 4. Bg2 c6 5. Nf3 Be7 6. O-O Nbd7 7. d4 O-O 8. e4 Qe8 9. Re1 Bd8 10. h3 Bb6 11. Be3 Qe7 12. Qc2 h6 13. Rad1 Re8 14. b4 exd4 15. Nxd4 Ne5 16. Na4 Bc7 17. f4 Ng6 18. Bf2 Nh5 19. Ne2 Bd7 20. Nac3 Rad8 21. c5 Bc8 22. a3 dxc5 23. Bxc5 Bb6 24. Bxb6 axb6 25. e5 Nxg3 26. Nxg3 Nxf4 27. Rxd8 Rxd8 28. Qf2 Nd3 29. Qe3 Nxe1 30. Qxe1 Re8 31. Na4 b5 32. Nb6 Qg5 33. Nxc8 Rxc8 34. e6 f5 35. Qe5 Re8 36. Nxf5 Qf6 37. Qxf6 gxf6 38. e7 Kf7 39. Nd6+ Kxe7 40. Nxe8 Kxe8 41. Kf2 Ke7 42. Ke3 Ke6 43. Kf4 f5 44. h4 Kf6 45. Bh3 Ke6 46. Bxf5+ Kd5 47. Bc8 b6 48. Bb7 Kd6 49. Kf5 c5 50. Kg6 c4 51. Be4 Ke5 52. Bc2 Kd4 53. Kxh6 Kc3 54. Be4 Kb2 55. Kg7 Kxa3 56. h5 Kxb4 57. h6 Kc3 58. h7 b4 59. h8=Q b3 60. Kf7+ Kd2 61. Qd4+ 1-0


[Site "https://www.chess.com"]

[Event "Titled Tuesday Blitz November 14 Early 2023"]
[White "Gharibyan, Mamikon"]
[Black "LouieKov2022"]
[WhiteFideId "13308300"]
[WhiteElo "2792"]
[BlackElo "2564"]
[Result "1-0"]
[Round "9"]
[TimeControl "180+1"]
[Date "2023.11.14"]
[WhiteClock "0:00:20"]
[BlackClock "0:00:03"]
[Board "49"]

1. e3 d5 2. c4 c6 3. Nf3 Nf6 4. Qc2 e6 5. b3 Nbd7 6. Bb2 Bd6 7. Nc3 O-O 8. Be2 Qe7 9. Rg1 Ne5 10. Nxe5 Bxe5 11. f4 Bd6 12. g4 Nd7 13. g5 f5 14. gxf6 Nxf6 15. O-O-O e5 16. cxd5 cxd5 17. Rg5 exf4 18. Rdg1 Rf7 19. Bh5 Nxh5 20. Nxd5 Qf8 21. Rxh5 Bf5 22. Rxf5 Rc8 23. Bc3 Rxf5 24. Rxg7+ Qxg7 25. Qxf5 Qg1+ 26. Kb2 Rxc3 27. Qe6+ Kg7 28. Qf6+ Kg8 29. Nxc3 fxe3 30. Qxd6 Qf2 31. Kc2 e2 32. Qe6+ Kg7 33. Qxe2 1-0


[Site "https://www.chess.com"]

[Event "Titled Tuesday Blitz November 14 Early 2023"]
[White "Santos Flores, Alberto"]
[Black "Suyarov, Mukhammadzokhid"]
[WhiteFideId "3601234"]
[BlackFideId "14210495"]
[WhiteElo "2561"]
[BlackElo "2783"]
[Result "1/2-1/2"]
[Round "9"]
[TimeControl "180+1"]
[Date "2023.11.14"]
[WhiteClock "0:00:24"]
[BlackClock "0:00:32"]
[Board "50"]

1. e4 e5 2. Nf3 Nf6 3. Nxe5 d6 4. Nf3 Nxe4 5. d4 d5 6. Bd3 Bf5 7. O-O Be7 8. Re1 O-O 9. c4 Nc6 10. cxd5 Qxd5 11. Bxe4 Bxe4 12. Nc3 Bxf3 13. Nxd5 Bxd1 14. Nxe7+ Nxe7 15. Rxe7 Rfe8 16. Rxe8+ Rxe8 17. Be3 Bg4 18. d5 Rd8 19. h3 Bf5 20. Rc1 Rxd5 21. Rxc7 Rb5 22. b3 a6 23. Rc5 Rxc5 24. Bxc5 Bb1 25. a3 Bc2 26. b4 f5 27. Kf1 Bd3+ 28. Ke1 Kf7 29. Kd2 Bf1 30. g3 Bxh3 31. a4 Bf1 32. a5 g5 33. Ke3 Kg6 34. f3 Bb5 35. Kf2 Bc6 36. f4 h6 37. Kg1 Kh5 38. Bd6 Kg4 39. Kh2 Kf3 40. Bc7 Ke4 41. Bd6 Kf3 42. Bc7 Kg4 43. Bd6 h5 44. fxg5 Kxg5 45. Kg1 Kf6 46. Kf2 Ke6 47. Bc5 Ke5 48. Bb6 Ke4 49. Bc7 Bb5 50. Bd6 Kd5 51. Bf8 Bc6 52. Be7 Ke4 53. Bd6 Kd4 54. Be7 Kc4 55. Bd6 Kb5 56. Be7 Bd5 57. Bd6 Bb3 58. Be7 Bd1 59. Bd6 Bg4 60. Be7 Kc6 61. Bf8 Kd5 62. Be7 Ke5 63. Bd8 Ke4 64. Bc7 Bd1 65. Bd6 Ba4 66. Bc7 Bc6 67. Bd6 Kd4 68. Be7 Ke5 69. Bd8 Kd6 70. Bf6 Be4 71. Bg5 Kc6 72. Be7 Kd5 73. Bd8 Kd6 74. Bg5 Bc6 75. Bf6 Kd5 76. Bd8 Ke5 77. Bc7+ Kd4 78. Bd6 Kc4 79. Be7 Kb5 80. Bf8 b6 81. axb6 a5 82. bxa5 Kxa5 83. Bc5 Kb5 84. Be3 Kc4 85. Bf4 Kd3 86. Bc7 Ke4 87. Bb8 Bb7 88. Bc7 Ba6 89. Bb8 Bb7 90. Bc7 Ba6 91. Bb8 Bb7 1/2-1/2


[Site "https://www.chess.com"]

[Event "Titled Tuesday Blitz November 14 Early 2023"]
[White "Llorente Zaro, Alfonso"]
[Black "Bettalli, Francesco"]
[WhiteFideId "2254131"]
[BlackFideId "2816453"]
[WhiteElo "2773"]
[BlackElo "2546"]
[Result "1-0"]
[Round "9"]
[TimeControl "180+1"]
[Date "2023.11.14"]
[WhiteClock "0:00:49"]
[BlackClock "0:00:00"]
[Board "51"]

1. e4 e5 2. Nf3 Nf6 3. Nc3 Bc5 4. Nxe5 Nc6 5. Nf3 O-O 6. Be2 Re8 7. d3 d5 8. exd5 Nxd5 9. O-O Nxc3 10. bxc3 Bg4 11. d4 Bd6 12. Be3 Qf6 13. Re1 Ne7 14. Nd2 Bxe2 15. Qxe2 Nd5 16. Qd3 Qh4 17. Nf1 Nf6 18. h3 Ne4 19. Re2 Re6 20. Rae1 f5 21. Qc4 Re8 22. f3 b5 23. Qb3 Ng3 24. Nxg3 Bxg3 25. Bg5 Bf2+ 26. Kf1 Qxg5 27. Rxe6 1-0


[Site "https://www.chess.com"]

[Event "Titled Tuesday Blitz November 14 Early 2023"]
[White "Nigmatov, Ortik"]
[Black "Lopez Martinez, Josep Manuel"]
[WhiteFideId "14202131"]
[BlackFideId "2212943"]
[WhiteElo "2764"]
[BlackElo "2545"]
[Result "1-0"]
[Round "9"]
[TimeControl "180+1"]
[Date "2023.11.14"]
[WhiteClock "0:00:17"]
[BlackClock "0:00:00"]
[Board "52"]

1. e4 c5 2. Nf3 d6 3. d4 cxd4 4. Nxd4 Nf6 5. Nc3 a6 6. Bg5 e6 7. Qe2 Nbd7 8. O-O-O Qc7 9. h4 Be7 10. g4 b5 11. a3 Rb8 12. Bd2 b4 13. axb4 Rxb4 14. Be1 Qb6 15. Nb3 Nc5 16. Nxc5 Qxc5 17. g5 Nd7 18. Rh3 Bb7 19. f4 O-O 20. h5 Rb8 21. g6 fxg6 22. hxg6 h6 23. Rhd3 Bc6 24. b3 R4b7 25. Nb1 Bb5 26. Qg4 Nf8 27. Rc3 Qb6 28. Bxb5 axb5 29. e5 d5 30. f5 exf5 31. Qxf5 Qxg6 32. Qf3 b4 33. Qxd5+ Qe6 34. Qxe6+ Nxe6 35. Rc6 Nf4 36. Rc4 Ne6 37. Rc6 Rb6 38. Rc4 Bg5+ 39. Kb2 Bf4 40. Rd5 Rb5 41. Rxb5 Rxb5 42. Bxb4 Bxe5+ 43. Bc3 h5 44. Na3 Rd5 45. Rc8+ Kh7 46. Bxe5 Rxe5 47. Nc4 Re2 48. b4 h4 49. b5 h3 50. Ra8 h2 51. Ra1 Nd4 52. Na3 1-0


[Site "https://www.chess.com"]

[Event "Titled Tuesday Blitz November 14 Early 2023"]
[White "Hayrapetyan, Hovik"]
[Black "Chernomordik, Pavel"]
[WhiteFideId "13302639"]
[BlackFideId "2804530"]
[WhiteElo "2731"]
[BlackElo "2543"]
[Result "1-0"]
[Round "9"]
[TimeControl "180+1"]
[Date "2023.11.14"]
[WhiteClock "0:00:07"]
[BlackClock "0:00:00"]
[Board "53"]

1. d4 g6 2. c4 Bg7 3. Nc3 d6 4. Nf3 Nc6 5. g3 e5 6. d5 Nce7 7. Bg2 h6 8. e4 f5 9. Nh4 Nf6 10. exf5 gxf5 11. f4 O-O 12. O-O e4 13. Be3 c5 14. dxc6 bxc6 15. Qd2 Be6 16. Rfd1 d5 17. cxd5 cxd5 18. Nb5 Qd7 19. Nd4 Bf7 20. Bh3 Ng4 21. Nhxf5 Nxf5 22. Bxg4 Nxd4 23. Bxd7 Nf3+ 24. Kf1 Nxd2+ 25. Rxd2 Rad8 26. Bc6 d4 27. Rad1 Rc8 28. Bxe4 dxe3 29. Re2 Bc4 30. Bd3 Rfe8 31. Bxc4+ Rxc4 32. Rd3 Rce4 33. Kg2 Bd4 34. Kf3 Bb6 35. b3 Kf7 36. Rd6 R8e6 37. Rd7+ Kf6 38. Rh7 Kg6 39. Rd7 Rd4 40. Rxd4 Bxd4 41. g4 Rc6 42. Ke4 Bb6 43. h4 Rc1 44. h5+ Kf6 45. b4 Rc4+ 46. Kf3 Rxb4 47. Rc2 Ra4 48. Rc6+ Kg7 49. Rg6+ Kh7 50. Re6 Rxa2 51. g5 hxg5 52. fxg5 Rf2+ 53. Kg3 e2 54. Re7+ Kg8 55. h6 Kf8 56. Re4 Rf5 57. Kg4 Rf7 58. Rxe2 a5 59. Re6 Bd4 60. g6 Ra7 61. Rd6 1-0


[Site "https://www.chess.com"]

[Event "Titled Tuesday Blitz November 14 Early 2023"]
[White "arenal72"]
[Black "Halkias, Stelios"]
[BlackFideId "4201809"]
[WhiteElo "2508"]
[BlackElo "2727"]
[Result "0-1"]
[Round "9"]
[TimeControl "180+1"]
[Date "2023.11.14"]
[WhiteClock "0:01:11"]
[BlackClock "0:01:22"]
[Board "54"]

1. Nf3 Nf6 2. g3 g6 3. Bg2 Bg7 4. O-O O-O 5. c4 d6 6. d4 Nbd7 7. Nc3 e5 8. dxe5 dxe5 9. Qc2 c6 10. b3 Qe7 11. a4 a5 12. Ba3 Nc5 13. Rad1 b6 14. Nd2 Bf5 15. Nde4 Rfd8 16. Nxf6+ Qxf6 17. Be4 Nxe4 18. Nxe4 Qe6 19. f3 Rd4 20. e3 Bxe4 21. fxe4 Rdd8 22. Rxd8+ Rxd8 23. Rd1 Rxd1+ 24. Qxd1 h5 25. Kg2 Bh6 26. Qd8+ Kh7 27. Qxb6 Qg4 28. Qxc6 Qe2+ 29. Kh3 Qf1+ 30. Kh4 g5+ 31. Kxh5 Qh3# 0-1


[Site "https://www.chess.com"]